 Dungeon Crawl Stone Soup version 0.20.0-10-g0535bb4 (webtiles) character file.

82 McKennaii the Skirmisher (level 4, -1/36 HPs)
             Began as a Demonspawn Abyssal Knight on June 4, 2017.
             Was a Follower of Lugonu.
             Succumbed to Jessica's poison
             ... on level 2 of the Dungeon.
             The game lasted 00:06:14 (1176 turns).

McKennaii the Skirmisher (DsAK)                     Turns: 1176, Time: 00:06:15

Health: -1/36      AC: 12    Str: 15 (18) XL:     4   Next: 21%
Magic:  4/6        EV:  4    Int: 12 (13) God:    Lugonu [*.....]
Gold:   115        SH:  0    Dex: 11 (13) Spells: 3/3 levels left

rFire    . . .     SeeInvis .   a - +1 falchion
rCold    + . .     Gourm    .   (no shield)
rNeg     . . .     Faith    .   i - +0 plate armour
rPois    .         Spirit   +   k - +1 hat
rElec    .         Reflect  .   (no cloak)
rCorr    .         Harm     .   (no gloves)
MR       .....                  (no boots)
Stlth    ..........             (no amulet)
Regen    0.2/turn               (no ring)
MPRegen  0.1/turn               (no ring)

@: mighty, lethally poisoned (-1 -> -22)
A: claws 1, cold resistance 1, magic shield
a: Depart the Abyss, Renounce Religion


You were on level 2 of the Dungeon.
You worshipped Lugonu.
Lugonu was aware of your devotion.
You were not hungry.

You visited 1 branch of the dungeon, and saw 2 of its levels.
You visited the Abyss 1 time.

You collected 115 gold pieces.

Inventory:

Hand Weapons
 a - a +1 falchion (weapon)
Armour
 i - a +0 plate armour (worn)
 k - a +1 hat (worn)
Wands
 e - a wand of lightning (7/15)
Scrolls
 j - a scroll of identify
 l - a scroll of teleportation
Potions
 d - a potion of might
 h - a potion of degeneration
Comestibles
 b - 4 chunks of flesh
 c - 2 bread rations
 f - 2 meat rations
 g - 2 royal jellies


   Skills:
 + Level 3.6 Fighting
 + Level 2.8 Long Blades
 + Level 2.5 Armour
 + Level 1.0 Dodging
 + Level 0.2 Stealth
 + Level 0.3 Unarmed Combat
 + Level 2.7 Invocations


You had 3 spell levels left.
You didn't know any spells.

Dungeon Overview and Level Annotations

Branches:
Dungeon (2/15)

Altars:


Innate Abilities, Weirdness & Mutations

You have sharp fingernails.
Your flesh is cold resistant. (rC+)
When hurt, damage is shared between your health and your magic reserves.


Message History

You feel very sick.
It was a potion of might.
You feel very mighty all of a sudden.
* * * LOW HITPOINT WARNING * * *
You feel sick.
It was a potion of degeneration.
There was something very wrong with that liquid.
You feel weakened.
You feel dopey.
You feel clumsy.
* * * LOW HITPOINT WARNING * * *
You feel sick.
As you read the scroll labeled YFIF GAACUWN, it crumbles to dust.
It is a scroll of identify.
l - a scroll of teleportation
* * * LOW HITPOINT WARNING * * *
You feel sick.
Okay, then.
* * * LOW HITPOINT WARNING * * *
You feel sick.
You see here a frilled lizard corpse.
You die...

#.. .#. ... ....... #>#
.. ##..####..
...#.........##
.#.........?..# #######
...........##.##.......
#.#....(.......†@.......
....#.#.....###)#.......
<.# #.#.....###.#.......
### #.#......##...######
#####.#......##...#
##.....#......#...#
................#..
............<.......
...............####>


There were no monsters in sight!

Vanquished Creatures
  Jessica (D:2)
  An adder (D:2)
  2 dart slugs (D:1)
  2 leopard geckos
  2 giant cockroaches
  4 hobgoblins
  6 kobolds (D:1)
  A ball python (D:2)
  4 bats
  4 frilled lizards
  9 goblins
  7 rats
43 creatures vanquished.

Notes
Turn   | Place    | Note
-------+----------+-------------------------------------------
     0 | Abyss:1  | McKennaii the Demonspawn Abyssal Knight began the quest for the Orb.
     0 | Abyss:1  | Reached XP level 1. HP: 18/18 MP: 2/2
    66 | Abyss:2  | Noticed an ancient zyme
   100 | Abyss:2  | Noticed a ynoxinul
   105 | Abyss:2  | Noticed a shadow
   129 | Abyss:2  | Noticed a small abomination
   139 | Abyss:2  | Noticed a wretched star
   140 | D:1      | Escaped the Abyss
   253 | D:1      | Gained mutation: You have sharp fingernails. [demonic ancestry]
   253 | D:1      | Reached XP level 2. HP: 16/24 MP: 3/3
   254 | D:1      | Reached * piety under Lugonu
   544 | D:1      | Gained mutation: When hurt, damage is shared between your health and your magic reserves. [demonic ancestry]
   544 | D:1      | Reached XP level 3. HP: 29/29 MP: 5/5
   564 | D:1      | Reached skill level 1 in Dodging
  1156 | D:2      | Noticed Jessica
  1167 | D:2      | Killed Jessica
  1167 | D:2      | Gained mutation: Your flesh is cold resistant. (rC+) [demonic ancestry]
  1167 | D:2      | Reached XP level 4. HP: 24/36 MP: 3/6
  1175 | D:2      | HP: 1/36 [poisoned by Jessica]
  1176 | D:2      | Succumbed to Jessica's poison

Skill      XL: |  1  2  3 |
---------------+----------+-----
Armour         | 2 |  2.5
Long Blades    | 2 |  2.8
Dodging        | 1 |  1.0
Fighting       | |  3.6
Stealth        | |  0.2
Unarmed Combat | |  0.3
Invocations    | |  2.7

Action                   |  1- 3 |  4- 6 || total
-------------------------+-------+-------++-------
Melee: Falchion          |   117 |     4 ||   121
       Unarmed           |    50 |       ||    50
Invok: Depart the Abyss  |     1 |       ||     1
  Use: Potion            |       |     2 ||     2
       Scroll            |       |     1 ||     1
  Eat: Chunk             |     1 |       ||     1
Armor: Plate armour      |   209 |     2 ||   211
Dodge: Dodged            |    41 |     2 ||    43
       Rpst.: Falchion   |     7 |     1 ||     8
